 Dungeon Crawl Stone Soup version 0.31-a0-1626-g5cb510d322 (webtiles) character file.

Game seed: 16959029961254441389

513 Laraso the Shooter (level 7, 52/52 HPs)
             Began as a Red Draconian Hexslinger on Jan 13, 2024.
             Was an Initiate of Okawaru.
             Quit the game on level 5 of the Dungeon.
             The game lasted 00:05:04 (3660 turns).

Laraso the Shooter (Red Draconian Hexslinger)       Turns: 3660, Time: 00:05:05

Health: 52/52      AC:  8    Str: 11    XL:     7   Next: 0%
Magic:  8/8        EV: 12    Int: 13    God:    Okawaru [......]
Gold:   200        SH:  0    Dex: 15    Spells: 6/8 levels left

rFire   + . .        a - +1 sling
rCold   . . .        (no shield)
rNeg    . . .        (body armour unavailable)
rPois   +            (helmet restricted)
rElec   .            (no cloak)
rCorr   +            s - +0 pair of gloves
SInv    .            l - +0 pair of boots
Will    .....        q - amulet of magic regeneration
Stlth   +            d - ring of poison resistance
HPRegen 0.28/turn    n - ring of resist corrosion
MPRegen 0.51/turn

%: no passive effects
@: no status effects
A: breathe fire, AC +6, unfitting armour, fire resistance 1, cold-blooded
a: Breathe Fire, Renounce Religion


You were on level 5 of the Dungeon.
You worshipped Okawaru.
Okawaru was noncommittal.
You visited 1 branch of the dungeon, and saw 5 of its levels.

You collected 224 gold pieces.
You spent 24 gold pieces at shops.

Inventory:

Hand Weapons
 a - a +1 sling (weapon)
 u - the +9 whip of Scorn {freeze, +Blink Fly Dex+2}
   (You found it on level 4 of the Dungeon)

   Dex+2:     It affects your dexterity (+2).
   Fly:       It grants you flight.
   +Blink:    It lets you blink.
Missiles
 p - a throwing net
Armour
 l - a +0 pair of boots (worn)
 s - a +0 pair of gloves (worn)
Jewellery
 d - a ring of poison resistance (left hand)
 n - a ring of resist corrosion (right hand)
 q - an amulet of magic regeneration (around neck)
Scrolls
 b - 2 scrolls of poison
 c - a scroll of vulnerability
 h - 4 scrolls of revelation
 m - a scroll of fog {unknown}
 o - a scroll of fear {unknown}
 r - 2 scrolls of immolation
 w - a scroll of noise {unknown}
 x - a scroll of silence {unknown}
Potions
 e - a potion of lignification {unknown}
 f - 2 potions of curing
 g - a potion of heal wounds
 i - a potion of haste
 j - 2 potions of enlightenment {unknown}
 k - a potion of degeneration {unknown}
 t - 2 potions of mutation {unknown}


   Skills:
 - Level 1.1 Fighting
 * Level 5.7 Ranged Weapons
 - Level 1.7 Dodging
 - Level 1.0 Spellcasting
 + Level 4.7 Hexes
 - Level 1.2 Fire Magic


You had 6 spell levels left.
You knew the following spells:

 Your Spells              Type           Power      Damage    Failure   Level
a - Jinxbite              Hex            24%        N/A       6%          2

Your spell library contained the following spells:

 Spells                   Type           Power      Damage    Failure   Level
 Sigil of Binding         Hex            12%        N/A       12%         3
 Inner Flame              Hex/Fire       8%         N/A       26%         3
 Blink                    Tloc           0%         N/A       38%         2
 Lesser Beckoning         Tloc           0%         N/A       38%         2
 Mercury Vapours          Alch/Air       0%         N/A       38%         2
 Momentum Strike          Conj/Tloc      0%         3d8       38%         2
 Static Discharge         Conj/Air       0%         3-3/arc   38%         2
 Cause Fear               Hex            6%         N/A       38%         4
 Mephitic Cloud           Conj/Alch/Air  0%         N/A       63%         3
 Dimensional Bullseye     Hex/Tloc       3%         N/A       71%         4
 Airstrike                Air            0%         2d(0-16)  95%         4
 Freezing Cloud           Conj/Ice/Air   0%         6-21      100%        5
 Summon Lightning Spire   Summ/Air       Unusable   N/A       N/A         4

Dungeon Overview and Level Annotations

Branches:
Dungeon (5/15)
 Temple: D:4-7

Altars:
Okawaru
Qazlal

Shops:
D:4 *


Innate Abilities, Weirdness & Mutations

You can breathe blasts of fire.
Your fiery red scales are hard. (AC +6)
You cannot fit into any form of body armour.
Your flesh is heat resistant. (rF+)
You are cold-blooded and may be slowed by cold attacks.


Message History

The +9 whip of Scorn {freeze, +Blink Fly Dex+2} stops glowing.
a - a +1 sling (weapon)
v - 2 scrolls of identify (gained 1)
As you read the scroll of identify, it crumbles to dust.
r - 2 scrolls of immolation
As you read the scroll of identify, it crumbles to dust.
i - a potion of haste You feel your willpower return.
Done exploring.
Done exploring.
Done exploring.
Done exploring.
Done exploring.
There is a stone staircase leading down here.
You climb downwards.
Found 8 gold pieces.
There is a stone staircase leading up here.
Unknown command.
Found a chain mail.
Found a long sword.
You now have 184 gold pieces (gained 8).
You now have 200 gold pieces (gained 16).
A jelly comes into view.
The jelly quivers.
A jelly is nearby!
You shoot a sling bullet. The sling bullet hits the jelly!
The jelly is heavily wounded.
You shoot a sling bullet. The sling bullet hits the jelly.
The jelly is severely wounded.
You shoot a sling bullet. The sling bullet hits the jelly.
The jelly is almost dead.
You shoot a sling bullet. The sling bullet hits the jelly!
You kill the jelly!
Okawaru accepts your kill.
You have reached level 7!
Your scales start taking on a fiery red colour.
You learn Fire Magic much quicker.
You learn Ice Magic much slower.
You can breathe blasts of fire.
You feel resistant to heat.
Are you sure you want to abandon this character and quit the game? (Confirm with "yes".)

#### ...######
##......###
#######...###
# ###...# ##
###.### . .###
#...# ... ...#
###.#####.....
.#....
#...@.......
.####.
#######.....
.## ...
..###.. .
........
........
........
........
........


There were no monsters in sight!

Vanquished Creatures
  A black bear (D:4)
  A hound (D:4)
  3 bombardier beetles
  A jelly (D:5)
  3 orc priests
  A sleepcap (D:4)
  An orc wizard (D:3)
  Robin (D:2)
  2 adders
  3 dart slugs
  A ribbon worm (D:4)
  6 orcs
  7 ball pythons
  2 bats
  7 endoplasms
  A giant cockroach (D:4)
  14 goblins
  11 hobgoblins
  4 jackals (D:4)
  4 kobolds
  A quokka (D:1)
  A frilled lizard (D:2)
  3 rats
79 creatures vanquished.

Notes
Turn   | Place    | Note
-------+----------+-------------------------------------------
     0 | D:1      | Laraso the Draconian Hexslinger began the quest for the
                  | Orb.
     0 | D:1      | Reached XP level 1. HP: 16/16 MP: 2/2
   153 | D:1      | Reached skill level 2 in Ranged Weapons
   250 | D:1      | Reached XP level 2. HP: 23/23 MP: 3/3
   270 | D:1      | Learned a level 2 spell: Jinxbite
   963 | D:2      | Reached XP level 3. HP: 24/28 MP: 1/4
  1014 | D:2      | Noticed Robin
  1020 | D:2      | Killed Robin
  1021 | D:2      | Reached skill level 3 in Ranged Weapons
  1547 | D:2      | Reached XP level 4. HP: 35/35 MP: 5/5
  1840 | D:3      | Found a stormy altar of Qazlal.
  2294 | D:3      | Reached skill level 4 in Ranged Weapons
  2294 | D:3      | Reached XP level 5. HP: 23/40 MP: 4/6
  2439 | D:3      | HP: 2/40 [orc priest/nerve-wracking pain (2)]
  2837 | D:4      | Noticed a black bear
  2856 | D:4      | Found Nadexto's General Store.
  2859 | D:4      | Bought a scroll of identify for 24 gold pieces
  3041 | D:4      | Reached XP level 6. HP: 47/47 MP: 4/7
  3065 | D:4      | Identified the +9 whip of Scorn {freeze, +Blink Fly Dex+2}
  3244 | D:4      | Found an iron altar of Okawaru.
  3258 | D:4      | Reached skill level 5 in Ranged Weapons
  3261 | D:4      | Became a worshipper of Warmaster Okawaru
  3605 | D:5      | Entered Level 5 of the Dungeon
  3660 | D:5      | Your scales start taking on a fiery red colour.
  3660 | D:5      | Reached XP level 7. HP: 52/52 MP: 8/8
  3660 | D:5      | Gained mutation: Your flesh is heat resistant. (rF+) [Red
                  | Draconian growth]
  3660 | D:5      | Quit the game

Illustrated notes

Levels and vault maps discovered:
D:1:      wander_arrival_estate, layout_basic
D:2:      layout_basic, minmay_puff, uniq_robin
D:3:      layout_loops_ring, mainiacjoe_overflow_concentric_impassable
D:4:      layout_cave_pools, lemuel_doored_altar, nicolae_stop_n_shop_2
D:5:      layout_rooms, serial_shops, nicolae_shop_window_shopping,
          kennysheep_pointless_box, uniq_eustachio

Skill      XL: |  1  2  3  4  5  6 |
---------------+-------------------+-----
Ranged Weapons | 2 3 4 5 |  5.7
Hexes          | 3 4 |  4.7
Fighting       | |  1.1
Dodging        | |  1.7
Spellcasting   | |  1.0
Fire Magic     | |  1.2

Action                     |  1- 3 |  4- 6 |  7- 9 || total
---------------------------+-------+-------+-------++-------
  Melee: Sling             |       |     1 |       ||     1
         Whip              |       |     5 |       ||     5
   Fire: Sling             |   116 |   180 |       ||   296
   Cast: Jinxbite          |     3 |    25 |       ||    28
    Use: Potion            |       |     2 |       ||     2
         Scroll            |       |     5 |       ||     5
 Armour: Skin              |    19 |    53 |       ||    72
  Dodge: Dodged            |    37 |    52 |       ||    89

Table legend: (Time is in decaauts)
 A = Elapsed time spent in this place.
 B = Non-inter-level travel time spent in this place.
 C = Inter-level travel time spent in this place.
 D = Time resting spent in this place.
 E = Time spent auto-exploring this place.
 F = Levels seen in this place.
 G = Mean time per level.
                   A        B        C        D        E       F      G
               +--------+--------+--------+--------+--------+-----+--------+
         Total |   3729 |   3570 |    159 |    364 |   2451 |   5 |  745.8 |
       Dungeon |   3729 |   3570 |    159 |    364 |   2451 |   5 |  745.8 |
               +--------+--------+--------+--------+--------+-----+--------+

Top non-repeatable levels by time:
     D:2: 1074 daAuts
     D:1: 929 daAuts
     D:3: 914 daAuts
     D:4: 755 daAuts
     D:5: 55 daAuts
